 Dungeon Crawl Stone Soup version 0.29.1-15-g9cfb28693d (webtiles) character file.

Game seed: 1780142884556093623

6069 ChiefBigBeans the Fighter (level 10, -3/93 HPs)
             Began as a Minotaur Hunter on Feb 24, 2023.
             Was an Initiate of Gozag.
             Succumbed to Amaemon's poison
             ... on level 7 of the Dungeon.
             The game lasted 00:31:20 (8986 turns).

ChiefBigBeans the Fighter (Minotaur Hunter)         Turns: 8986, Time: 00:31:20

Health: -3/93      AC: 18    Str: 23 (24) XL:     10   Next: 57%
Magic:  8/8        EV: 10    Int: 12      God:    Gozag
Gold:   882        SH:  0    Dex: 19 (20) Spells: 9/9 levels left

rFire   x . .      SeeInvis .   t - +6 dagger "Xiriy" {flame, rElec}
rCold   . . .      Faith    .   (no shield)
rNeg    + + .      Spirit   .   d - +0 chain mail
rPois   .          Reflect  .   k - +2 hat {Stlth+}
rElec   +          Harm     .   f - +0 cloak
rCorr   +          Rampage  .   g - +0 pair of gloves of the Reasonable God {rElec rN+ Int+3 Dex+2}
Will    .....                   l - +1 pair of boots
Stlth   ..........              (no amulet)
HPRegen 0.25/turn               o - ring "Raomucvurch" {rCorr Int+3}
MPRegen 0.11/turn               p - ring "Fekk" {rF- rN+ rCorr Str+8}

@: lethally poisoned (-3 -> -26), gold aura
A: horns 2, retaliatory headbutt, deterioration 1, low MP 1, wild magic 1,
MP-powered wands
a: Renounce Religion, Potion Petition, Call Merchant, Bribe Branch


You were on level 7 of the Dungeon.
You worshipped Gozag.
Gozag was pleased with you.
You visited 1 branch of the dungeon, and saw 8 of its levels.
You also visited: Sewer.

You collected 1649 gold pieces.
You paid 767 gold pieces to Gozag.

Inventory:

Hand Weapons
 t - the +6 dagger "Xiriy" (weapon) {flame, rElec}
   (You found it on level 4 of the Dungeon)

   It burns those it strikes, dealing additional fire damage.
   rElec:     It insulates you from electricity.
 y - a +2 shortbow of freezing
Armour
 d - a +0 chain mail (worn)
 f - a +0 cloak (worn)
 g - the +0 pair of gloves of the Reasonable God (worn) {rElec rN+ Int+3 Dex+2}
   (You acquired it on level 3 of the Dungeon)

   Int:       It affects your intelligence (+3).
   Dex:       It affects your dexterity (+2).
   rElec:     It insulates you from electricity.
   rN:        It protects you from negative energy.
 k - a +2 hat of stealth (worn)
 l - a +1 pair of boots (worn)
Jewellery
 o - the ring "Raomucvurch" (left hand) {rCorr Int+3}
   (You acquired it on level 3 of the Dungeon)

   [ring of resist corrosion]

   Int:       It affects your intelligence (+3).
   rCorr:     It protects you from acid and corrosion.
 p - the ring "Fekk" (right hand) {rF- rN+ rCorr Str+8}
   (You acquired it on level 3 of the Dungeon)

   [ring of positive energy]

   Str:       It affects your strength (+8).
   rF:        It makes you vulnerable to fire.
   rN:        It protects you from negative energy.
   rCorr:     It protects you from acid and corrosion.
 z - a ring of ice
 A - a ring of positive energy
Wands
 q - a wand of digging (1)
 D - a wand of acid (7)
Scrolls
 b - 2 scrolls of immolation
 c - 2 scrolls of noise
 i - 2 scrolls of identify
 m - 7 scrolls of teleportation
 n - 2 scrolls of magic mapping
 w - a scroll of fear
 E - a scroll of enchant weapon
Potions
 e - 7 potions of flight
 h - a potion of brilliance
 r - a potion of degeneration
 u - a potion of attraction
 v - 2 potions of mutation
 B - a potion of magic


   Skills:
 + Level 10.1 Fighting
 + Level 7.6 Short Blades
 + Level 10.1 Ranged Weapons
 + Level 9.8 Armour
 - Level 3.2 Dodging
 - Level 0.7 Stealth


You had 9 spell levels left.
You didn't know any spells.
Your spell library contained the following spells:

 Spells                   Type           Power      Damage    Failure   Level
 Alistair's Intoxication  Tmut/Pois      0%         N/A       100%        5
 Borgnjor's Vile Clutch   Necr/Erth      0%         N/A       100%        5
 Fireball                 Conj/Fire      0%         3d3       100%        5
 Eringya's Noxious Bog    Tmut/Pois      0%         N/A       100%        6
 Starburst                Conj/Fire      0%         6d3       100%        6
 Ignition                 Fire           0%         3d3       100%        8


Dungeon Overview and Level Annotations

Branches:
Dungeon (8/15)             Temple (0/1) D:6           Sewer (visited)
   Lair: D:8-11

Altars:
Cheibriados
Gozag
Nemelex Xobeh
Qazlal
Sif Muna
Vehumet
Wu Jian
Zin

Shops:
D:4 :   D:6 (


Innate Abilities, Weirdness & Mutations

You have a pair of horns on your head.
You reflexively headbutt those who attack you in melee.
Your body sometimes deteriorates upon taking damage.
Your magical capacity is low. (-10% MP)
Your spells are a little harder to cast, but a little more powerful.
You expend magic power (3 MP) to strengthen your wands.


Message History

Amaemon hits you with a +0 demon whip of venom!
* * * LOW HITPOINT WARNING * * *
You are lethally poisoned!
Amaemon claws you.
* * * LOW HITPOINT WARNING * * *
Amaemon tail-slaps you but does no damage.
You bump into the rock wall.
* * * LOW HITPOINT WARNING * * *
You feel very sick. The scorpion closely misses you.
Amaemon hits you with a +0 demon whip of venom!
* * * LOW HITPOINT WARNING * * *
You are more poisoned.
Amaemon claws you but does no damage.
Amaemon tail-slaps you but does no damage.
You're too confused to move!
You feel less invigorated.
You feel less confused.
* * * LOW HITPOINT WARNING * * *
You feel extremely sick. The scorpion closely misses you.
Amaemon mumbles some strange words.
Unknown command.
You hit Amaemon but do no damage. Your headbutt misses Amaemon.
Amaemon is severely wounded.
* * * LOW HITPOINT WARNING * * *
You feel very sick. The scorpion barely misses you.
Unknown command.
You hit Amaemon. You burn Amaemon. You headbutt Amaemon!
Amaemon is almost dead.
* * * LOW HITPOINT WARNING * * *
You feel very sick. Amaemon barely misses you.
Amaemon claws you but does no damage. Amaemon barely misses you.
The scorpion misses you.
Unknown command.
You hit Amaemon. You burn Amaemon. You headbutt Amaemon.
You kill Amaemon!
The scorpion disappears in a puff of smoke! x3
You die...
Your body crumbles into a pile of gold.

## #####...#######
.####....<........# #
))..........^..##.##########
#
)####......................##
# ##
#.###...############....# #
#.###...## ###..# #
#........# ###..# #
########.###########....#####
#....§@$§§.....#.......
#..###########....##### #..#
####...... #..# ####### #..#
# #..# # #!.# ##############
#..## ##............. #...#
#..............


There were no monsters in sight!

Vanquished Creatures
  Amaemon (D:7)
  Joseph (D:8)
  Maurice (D:8)
  The ghost of styxcanada the Covert, a novice SpBr (D:6)
  12 yaks
  A wyvern (D:4)
  A water moccasin (D:7)
  Duvessa (D:7)
  An ice beast (D:6)
  An orc warrior (D:7)
  2 sky beasts
  4 black bears
  An ogre (D:6)
  A centaur (D:6)
  2 phantoms
  A necrophage (D:5)
  2 gnoll sergeants
  8 wights (D:7)
  2 scorpions (D:5)
  Dowan (D:7)
  5 killer bees (D:7)
  An electric eel (D:7)
  4 hounds
  6 orc priests
  3 jellies
  2 iguanas
  7 orc wizards
  Natasha (thrice) (D:3)
  A merfolk avatar (Sewer)
  A merfolk siren (Sewer)
  13 gnolls
  11 adders
  A river rat (Sewer)
  A shadow imp (D:7)
  2 white imps
  2 ufetubi
  A worm (D:3)
  A dart slug (D:1)
  13 orcs
  10 bats
  3 endoplasms
  7 giant cockroaches
  7 goblins
  5 hobgoblins
  8 jackals
  10 kobolds
  5 quokkas
  10 ball pythons
  14 frilled lizards
  25 rats
227 creatures vanquished.

Vanquished Creatures (others)
  3 plants (D:2)
3 creatures vanquished.

Grand Total: 230 creatures vanquished

Notes
Turn   | Place    | Note
-------+----------+-------------------------------------------
     0 | D:1      | ChiefBigBeans the Minotaur Hunter began the quest for the
                  | Orb.
     0 | D:1      | Reached XP level 1. HP: 18/18 MP: 0/0
   326 | D:1      | Reached skill level 1 in Armour
   361 | D:1      | Reached XP level 2. HP: 25/25 MP: 1/1
   362 | D:1      | Found a faded altar of an unknown god.
   804 | D:2      | Reached XP level 3. HP: 27/31 MP: 2/2
  1507 | D:3      | Noticed a phantom
  1514 | D:3      | Noticed Natasha
  1525 | D:3      | Reached skill level 5 in Ranged Weapons
  1528 | D:3      | Killed a phantom
  1529 | D:3      | Reached XP level 4. HP: 4/40 MP: 3/3
  1614 | D:3      | Killed Natasha
  1615 | D:3      | Reached XP level 5. HP: 42/46 MP: 4/4
  1883 | D:3      | Noticed Natasha
  1886 | D:3      | Killed Natasha
  2068 | D:3      | Identified 3 scrolls of acquirement
  2068 | D:3      | Acquired the ring "Raomucvurch" {rCorr Int+3}
  2071 | D:3      | Acquired the +0 pair of gloves of the Reasonable God {rElec
                  | rN+ Int+3 Dex+2}
  2072 | D:3      | Acquired the ring "Fekk" {rF- rN+ rCorr Str+8}
  2097 | D:3      | Noticed Natasha
  2100 | D:3      | Killed Natasha
  2101 | D:3      | Reached XP level 6. HP: 55/55 MP: 5/5
  2247 | D:4      | Reached skill level 5 in Fighting
  2404 | D:4      | Reached XP level 7. HP: 15/61 MP: 6/6
  2664 | D:4      | Found an opulent altar of Gozag.
  2670 | D:4      | Became a worshipper of Gozag Ym Sagoz the Greedy
  2792 | D:4      | Identified the +6 dagger "Xiriy" {flame, rElec}
  2892 | D:4      | Noticed a wyvern
  2903 | D:4      | Reached skill level 5 in Armour
  2919 | D:4      | Reached skill level 1 in Short Blades
  2938 | D:4      | Killed a wyvern
  3132 | D:4      | Found a shimmering blue altar of Sif Muna.
  3195 | D:4      | Found a glowing silver altar of Zin.
  3299 | D:4      | Found Ilampifa's Book Shoppe.
  3399 | D:5      | Entered Level 5 of the Dungeon
  3746 | D:5      | Reached XP level 8. HP: 71/71 MP: 7/7
  3749 | D:5      | Found a sparkling altar of Nemelex Xobeh.
  3781 | D:5      | Found a glowing drain.
  3805 | Sewer    | Entered a sewer
  4978 | D:6      | Found a staircase to the Ecumenical Temple.
  5108 | D:6      | Found a runed translucent door.
  5108 | D:6      | Noticed styxcanada's ghost (novice SpBr)
  5175 | D:6      | Killed styxcanada's ghost
  5176 | D:6      | Gained mutation: Your body sometimes deteriorates upon
                  | taking damage. [potion of mutation]
  5176 | D:6      | Gained mutation: Your magical capacity is low. (-10% MP)
                  | [potion of mutation]
  5176 | D:6      | Gained mutation: You expend magic power (3 MP) to
                  | strengthen your wands. [potion of mutation]
  5176 | D:6      | Gained mutation: Your spells are a little harder to cast,
                  | but a little more powerful. [potion of mutation]
  5725 | D:6      | Reached XP level 9. HP: 67/81 MP: 7/7
  5760 | D:6      | Reached skill level 5 in Short Blades
  7289 | D:7      | Reached XP level 10. HP: 73/91 MP: 8/8
  7525 | D:7      | Noticed Dowan
  7525 | D:7      | Noticed Duvessa
  7542 | D:7      | Killed Duvessa
  7553 | D:7      | Killed Dowan
  8217 | D:8      | Noticed Maurice
  8217 | D:8      | Found a stormy altar of Qazlal.
  8218 | D:8      | Found a snail-covered altar of Cheibriados.
  8218 | D:8      | Found a radiant altar of Vehumet.
  8227 | D:8      | Found an ornate altar of the Wu Jian Council.
  8235 | D:8      | Killed Maurice
  8256 | D:8      | Noticed Joseph
  8480 | D:8      | Killed Joseph
  8481 | D:8      | Reached skill level 10 in Fighting
  8481 | D:8      | Reached skill level 10 in Ranged Weapons
  8682 | D:8      | Noticed Amaemon
  8684 | D:8      | Noticed an orange demon
  8984 | D:7      | HP: 4/93 [poisoned by Amaemon]
  8985 | D:7      | HP: 1/93 [poisoned by Amaemon]
  8986 | D:7      | Killed Amaemon
  8986 | D:7      | Succumbed to Amaemon's poison

Illustrated notes

Levels and vault maps discovered:
D:1:      psy_arrival_fountain, layout_loops_cross,
          shapermc_ecumenical_altar_venn
D:2:      layout_rooms, minmay_lizard_king
D:3:      layout_basic, uniq_natasha
D:4:      minmay_chambers_of_fours, layout_cave_pools,
          pdpol_temple_overflow_zin_treasury_gozag_greed,
          mainiacjoe_overflow_small_starburst, serial_shops,
          nicolae_take_the_stairs
D:5:      layout_basic, overflow_temple_1_default, gup_sewer_entry_pipe
D:6:      layout_gridville, minmay_temple_entry_drinking_statues,
          hellmonk_ghost_happy_afterlife
D:7:      layout_loops_ring, minivault_4, uniq_duvessa
D:8:      layout_gridville, chequers_temple_overflow_statue_of_worship,
          minmay_ruffians, uniq_maurice, uniq_joseph, uniq_psyche, uniq_amaemon

Skill      XL: |  1  2  3  4  5  6  7  8  9 10 |
---------------+-------------------------------+-----
Armour         | 1 3 4 5 7 8 9 |  9.8
Fighting       | 3 4 5 6 7 9 10 | 10.1
Ranged Weapons | 5 6 7 8 9 10 | 10.1
Dodging        | 3 |  3.2
Short Blades   | 2 4 6 7 |  7.6
Stealth        | |  0.7

Action                   |  1- 3 |  4- 6 |  7- 9 | 10-12 || total
-------------------------+-------+-------+-------+-------++-------
Melee: Dagger            |       |       |   276 |   111 ||   387
       Headbutt          |       |       |    53 |    25 ||    78
       Punch             |       |       |     4 |       ||     4
       Shortbow          |       |       |       |     3 ||     3
 Fire: Shortbow          |    99 |   122 |    59 |    87 ||   367
Invok: Call Merchant     |       |       |     1 |       ||     1
  Use: Scroll            |     6 |     6 |     7 |     2 ||    21
       Potion            |     4 |     3 |     5 |     5 ||    17
 Stab: Distracted        |       |       |     1 |       ||     1
Armor: Chain mail        |    80 |    66 |   134 |   151 ||   431
Dodge: Dodged            |    39 |    52 |   127 |   133 ||   351
